 Dungeon Crawl Stone Soup version 0.21.1-1-g345015f (webtiles) character file.

1770 tidbits the Insei (level 9, -1/99 HPs)
             Began as a Gnoll Transmuter on Feb 14, 2018.
             Was a Believer of Cheibriados.
             Killed by divine providence
             ... invoked by an orc priest
              (16 damage)
             ... on level 8 of the Dungeon.
             The game lasted 00:22:57 (1940 turns).

tidbits the Insei (Gnoll Transmuter)                Turns: 1940, Time: 00:22:58

Health: -1/99      AC: 24    Str: 17    XL:     9   Next: 7%
Magic:  7/18       EV:  2    Int: 22    God:    Cheibriados [**....]
Gold:   287        SH:  0    Dex: 20    Spells: 10/20 levels left

rFire    . . .     SeeInvis .     - Unarmed
rCold    + . .     Gourm    .   (no shield)
rNeg     + + +     Faith    +   (armour currently unavailable)
rPois    +         Spirit   .   (helmet currently unavailable)
rElec    .         Reflect  .   (cloak currently unavailable)
rCorr    .         Harm     .   (gloves currently unavailable)
MR       .....     NoTele   +   (boots currently unavailable)
Stlth    +++.......             e - amulet of faith
HPRegen  0.26/turn              q - ring of protection from cold
MPRegen  0.16/turn              V - +4 ring of evasion

@: tree-form, very slow
A: distributed training, strong nose
a: Bend Time, Renounce Religion


You were on level 8 of the Dungeon.
You worshipped Cheibriados.
Cheibriados was pleased with you.
You were not hungry.
You were a tree.
You visited 2 branches of the dungeon, and saw 9 of its levels.

You collected 287 gold pieces.

Inventory:

Hand Weapons
 b - a +0 fustibalus
 v - a +0 dagger
Missiles
 a - 18 arrows
 j - 2 tomahawks
 o - 83 stones (quivered)
 r - 48 sling bullets
Armour
 l - a +0 leather armour of magic resistance
   (You took it off an orc on level 4 of the Dungeon)
 s - a +0 shield
 w - a +0 robe (melded)
 z - a +1 ring mail of fire resistance
   (You found it on level 7 of the Dungeon)
Jewellery
 e - an amulet of faith (around neck)
   (You found it on level 5 of the Dungeon)
 g - an uncursed amulet of regeneration
   (You found it on level 7 of the Dungeon)
 h - an uncursed ring of protection from cold
   (You found it on level 6 of the Dungeon)
 q - a ring of protection from cold (left branch)
   (You found it on level 3 of the Dungeon)
 V - a +4 ring of evasion (right branch)
   (You found it on level 7 of the Dungeon)
Wands
 y - a wand of flame (23)
Scrolls
 f - a scroll of enchant weapon {unknown}
 k - a scroll of amnesia
 n - 2 scrolls of fog
 u - 2 scrolls of remove curse
 x - 4 scrolls of teleportation
Potions
 i - a potion of lignification
 m - a potion of magic
 p - 2 potions of might
Books
 c - a book of Changes

   Spells                             Type                      Level
   a - Beastly Appendage              Transmutation                1
   b - Sticks to Snakes               Transmutation                2
   c - Spider Form                    Transmutation/Poison         3
   d - Ice Form                       Ice/Transmutation            4
   e - Blade Hands                    Transmutation                5
 t - a book of Maledictions
   (You found it on level 2 of the Dungeon)

   Spells                             Type                      Level
   a - Corona                         Hexes                        1
   b - Ensorcelled Hibernation        Hexes/Ice                    2
   c - Confuse                        Hexes                        3
   d - Tukima's Dance                 Hexes                        3
   e - Dazzling Spray                 Conjuration/Hexes            3
 A - the Volume of the Fetching Escort
   (You found it on level 8 of the Dungeon)

   Spells                             Type                      Level
   a - Dazzling Spray                 Conjuration/Hexes            3
   b - Summon Demon                   Summoning                    5
   c - Summon Forest                  Summoning/Translocation      5
   d - Malign Gateway                 Summoning/Translocation      7
Comestibles
 d - 4 rations


   Skills:
 + Level 4.6 Fighting
 + Level 3.8 Short Blades
 + Level 3.8 Long Blades
 + Level 3.8 Axes
 + Level 3.8 Maces & Flails
 + Level 3.8 Polearms
 + Level 3.8 Staves
 + Level 3.8 Slings
 + Level 3.8 Bows
 + Level 3.8 Crossbows
 + Level 3.8 Throwing
 + Level 3.8 Armour
 + Level 6.0 Dodging
 + Level 3.8 Stealth
 + Level 3.8 Shields
 + Level 7.6 Unarmed Combat
 + Level 6.3 Spellcasting
 + Level 3.1 Conjurations
 + Level 3.1 Hexes
 + Level 3.1 Charms
 + Level 3.1 Summonings
 + Level 3.1 Necromancy
 + Level 3.1 Translocations
 + Level 5.0 Transmutations
 + Level 3.1 Fire Magic
 + Level 3.1 Ice Magic
 + Level 3.1 Air Magic
 + Level 3.1 Earth Magic
 + Level 3.1 Poison Magic
 + Level 4.2 Invocations
 + Level 3.8 Evocations


You had 10 spell levels left.
You knew the following spells:

 Your Spells              Type           Power        Failure   Level  Hunger
c - Confuse               Hex            ###.....     8%          3    #......
e - Beastly Appendage     Tmut           ####..       1%          1    None
k - Sticks to Snakes      Tmut           ####....     1%          2    None
o - Corona                Hex            ###....      2%          1    None
p - Spider Form           Tmut/Pois      ###.......   4%          3    #......


Dungeon Overview and Level Annotations

Branches:
Dungeon (8/15)             Temple (1/1) D:7            Lair (0/6) D:8

Altars:
Ashenzari
Cheibriados
Dithmenos
Elyvilon
Fedhas
Gozag
Hepliaklqana
Makhleb
Nemelex Xobeh
Qazlal
Ru
Sif Muna
Trog
Vehumet
Yredelemnul
The Shining One


Innate Abilities, Weirdness & Mutations

Your experience applies equally to all skills.
((You have very sharp teeth.))
Your uncanny sense of smell can sniff out nearby items.


Message History

The orc hits your ball python but does no damage.
Your ball python closely misses the orc.
Your ball python grabs the orc.
Your ball python constricts the orc.
Your ball python bites the orc but does no damage.
An orc priest comes into view. It is wielding a club.
Your ball python bites the orc but does no damage.
Your ball python bites the orc.
Your ball python constricts the orc.
The orc hits your ball python but does no damage.
Your ball python bites the orc but does no damage. x2
Your ball python constricts the orc.
The orc hits your ball python with a club.
Things that are here:
a flail; an orc corpse You barely miss the orc.
The orc barely misses you.
Your ball python bites the orc but does no damage. x2
Your ball python constricts the orc.
You bite the orc!
You kill the orc!
Cheibriados thoroughly appreciates the change of pace.
The orc barely misses your ball python.
Your ball python bites the orc.
Your ball python bites the orc but does no damage.
Your ball python constricts the orc.
Unknown command.
Okay, then.
Your ball python bites the orc but does no damage. x2
Your ball python constricts the orc.
The orc hits your ball python with a club.
Your ball python dies!
Unknown command.
Casting: Spider Form
Confirm with . or Enter, or press ? or * to list all spells.
You create 2 snakes!
You now have 19 arrows.
Your ball python bites the orc but does no damage.
Your ball python constricts the orc.
The orc priest calls upon Beogh to heal the orc.
The orc's wounds heal themselves!
The orc struggles to escape constriction.
Your ball python loses its grip on the orc.
Your ball python withers and dies!
The orc priest mumbles some strange prayers to Beogh against you.
Beogh smites you!
* * * LOW HITPOINT WARNING * * *
Unknown command.
Your transformation has ended.
Your +0 robe unmelds from your body.
You turn into a tree.
Your +0 robe melds into your body.
Your roots penetrate the ground.
Your ball python bites the orc but does no damage.
Your ball python grabs the orc.
Your ball python constricts the orc.
The orc priest hits you but does no damage.
The orc hits you but does no damage.
You smack the orc!
You kill the orc!
Cheibriados thoroughly appreciates the change of pace.
The orc priest hits you with a club.
* * * LOW HITPOINT WARNING * * *
A bullfrog skeleton comes into view.
You pummel the orc priest!!
You kill the orc priest!
Cheibriados appreciates the change of pace.
Throwing (i - inventory. (,) - cycle):
o - 84 stones (quivered)
Press: ? - help, Shift-Dir - straight line, f - orc priest
Aim: an orc priest, wielding a short sword and wearing a ring mail You throw a stone.
The stone barely misses the orc priest.
The bullfrog skeleton closely misses your ball python.
Your ball python bites the bullfrog skeleton.
Your ball python grabs the bullfrog skeleton.
Your ball python constricts the bullfrog skeleton.
Unknown command.
Okay, then.
Okay, then.
Okay, then.
The bullfrog skeleton barely misses your ball python.
Your ball python barely misses the orc priest. x2
The orc priest hits your ball python with a short sword.
Your ball python dies!
Your ball python bites the bullfrog skeleton.
Your ball python constricts the bullfrog skeleton.
Unknown command.
Evoke which item? (* to show all) (? for menu, Esc to quit)
Aiming: Throw Flame
Press: ? - help, Shift-Dir - straight line, f/p - orc priest
Aim: an orc priest, wielding a short sword and wearing a ring mail The puff of flame hits the orc priest.
The orc priest appears unharmed.
The bullfrog skeleton hits your ball python.
Your ball python bites the bullfrog skeleton.
Your ball python constricts the bullfrog skeleton.
The bullfrog skeleton hits your ball python.
Your ball python dies!
Unknown command.
Casting: Sticks to Snakes
Confirm with . or Enter, or press ? or * to list all spells.
You create a snake!
You now have 18 arrows.
The orc priest hits you but does no damage.
You hit the orc priest.
The orc priest is lightly wounded.
The bullfrog skeleton hits your ball python.
Your ball python dies!
The orc priest calls down the wrath of Beogh upon you.
Beogh smites you!
You die...

...# #..... ...# ########
#......
##..........####.......
.#..........#.........>
.#..........#........o.
.# ........#...# P .#
........###'# ...
#######.......)o####.....
.'....'........)♣)Z..#
.#....#....<.............
.###..#..................
####..#.....#############
......#.....#
......+.....#
......#.....#
#######.....# #######


You could see an orc priest and a bullfrog skeleton.

Vanquished Creatures
  3 yaks (D:7)
  2 wargs (D:8)
  An orc warrior (D:8)
  A sky beast (D:7)
  A phantom (D:4)
  A bullfrog (D:6)
  2 scorpions (D:5)
  2 crimson imps
  A centaur zombie (D:8)
  3 hounds
  3 bullfrog skeletons
  7 orc priests
  3 orc wizards
  A worker ant (D:5)
  A hound skeleton (D:5)
  A worker ant zombie (D:6)
  4 adders
  An adder skeleton (D:4)
  An adder zombie (D:5)
  2 dart slugs
  2 leopard geckos
  14 orcs
  3 giant cockroaches
  3 goblins
  5 hobgoblins
  9 jackals
  3 kobolds
  A quokka (D:3)
  2 ball pythons (D:1)
  A bat (D:1)
  4 frilled lizards
  4 rats
92 creatures vanquished.

Vanquished Creatures (collateral kills)
  An adder (D:5)
  A leopard gecko (D:5)
  2 orcs
  A jackal (D:2)
5 creatures vanquished.

Grand Total: 97 creatures vanquished

Notes
Turn   | Place    | Note
-------+----------+-------------------------------------------
     0 | D:1      | tidbits the Gnoll Transmuter began the quest for the Orb.
     0 | D:1      | Reached XP level 1. HP: 17/17 MP: 6/6
   200 | D:1      | Reached XP level 2. HP: 23/23 MP: 7/7
   204 | D:1      | Learned a level 2 spell: Sticks to Snakes
   290 | D:2      | Found a sparkling altar of Nemelex Xobeh.
   500 | D:1      | Reached XP level 3. HP: 22/28 MP: 9/9
   503 | D:1      | Learned a level 1 spell: Corona
   511 | D:1      | Learned a level 3 spell: Spider Form
   558 | D:2      | Reached skill level 5 in Spellcasting
   655 | D:3      | Reached skill level 1 in Invocations
   790 | D:5      | Entered Level 5 of the Dungeon
   790 | D:5      | Noticed a scorpion
   790 | D:5      | Noticed a scorpion
   795 | D:5      | Killed a scorpion
   795 | D:5      | Reached skill level 1 in Short Blades
   795 | D:5      | Reached skill level 1 in Long Blades
   795 | D:5      | Reached skill level 1 in Axes
   795 | D:5      | Reached skill level 1 in Maces & Flails
   795 | D:5      | Reached skill level 1 in Polearms
   795 | D:5      | Reached skill level 1 in Staves
   795 | D:5      | Reached skill level 1 in Slings
   795 | D:5      | Reached skill level 1 in Bows
   795 | D:5      | Reached skill level 1 in Crossbows
   795 | D:5      | Reached skill level 1 in Throwing
   795 | D:5      | Reached skill level 1 in Armour
   795 | D:5      | Reached skill level 1 in Stealth
   795 | D:5      | Reached skill level 1 in Shields
   795 | D:5      | Reached skill level 1 in Conjurations
   795 | D:5      | Reached skill level 1 in Hexes
   795 | D:5      | Reached skill level 1 in Charms
   795 | D:5      | Reached skill level 1 in Summonings
   795 | D:5      | Reached skill level 1 in Necromancy
   795 | D:5      | Reached skill level 1 in Translocations
   795 | D:5      | Reached skill level 1 in Fire Magic
   795 | D:5      | Reached skill level 1 in Ice Magic
   795 | D:5      | Reached skill level 1 in Air Magic
   795 | D:5      | Reached skill level 1 in Earth Magic
   795 | D:5      | Reached skill level 1 in Poison Magic
   795 | D:5      | Reached skill level 1 in Evocations
   795 | D:5      | Reached XP level 4. HP: 34/34 MP: 7/11
   805 | D:5      | Reached XP level 5. HP: 27/40 MP: 6/12
   814 | D:5      | Reached skill level 3 in Fighting
   825 | D:5      | Found a bloodstained altar of Trog.
   832 | D:5      | Reached skill level 4 in Transmutations
   878 | D:5      | Reached XP level 6. HP: 28/47 MP: 1/13
   897 | D:4      | Reached skill level 2 in Invocations
   918 | D:4      | Reached skill level 5 in Dodging
   997 | D:7      | Found a staircase to the Ecumenical Temple.
  1006 | D:7      | Reached skill level 2 in Short Blades
  1006 | D:7      | Reached skill level 2 in Long Blades
  1006 | D:7      | Reached skill level 2 in Axes
  1006 | D:7      | Reached skill level 2 in Maces & Flails
  1006 | D:7      | Reached skill level 2 in Polearms
  1006 | D:7      | Reached skill level 2 in Staves
  1006 | D:7      | Reached skill level 2 in Slings
  1006 | D:7      | Reached skill level 2 in Bows
  1006 | D:7      | Reached skill level 2 in Crossbows
  1006 | D:7      | Reached skill level 2 in Throwing
  1006 | D:7      | Reached skill level 2 in Armour
  1006 | D:7      | Reached skill level 2 in Stealth
  1006 | D:7      | Reached skill level 2 in Shields
  1006 | D:7      | Reached skill level 2 in Evocations
  1036 | Temple   | Entered the Ecumenical Temple
  1155 | Temple   | Became a worshipper of Cheibriados the Contemplative
  1226 | D:7      | Noticed a yak
  1227 | D:7      | Noticed a yak
  1229 | D:7      | Noticed a yak
  1234 | D:7      | Killed a yak
  1234 | D:7      | Reached skill level 7 in Unarmed Combat
  1234 | D:7      | Reached XP level 7. HP: 25/52 MP: 10/15
  1237 | D:7      | Killed a yak
  1237 | D:7      | Reached skill level 2 in Conjurations
  1237 | D:7      | Reached skill level 2 in Hexes
  1237 | D:7      | Reached skill level 2 in Charms
  1237 | D:7      | Reached skill level 2 in Summonings
  1237 | D:7      | Reached skill level 2 in Necromancy
  1237 | D:7      | Reached skill level 2 in Translocations
  1237 | D:7      | Reached skill level 2 in Fire Magic
  1237 | D:7      | Reached skill level 2 in Ice Magic
  1237 | D:7      | Reached skill level 2 in Air Magic
  1237 | D:7      | Reached skill level 2 in Earth Magic
  1237 | D:7      | Reached skill level 2 in Poison Magic
  1242 | D:7      | Killed a yak
  1242 | D:7      | Reached skill level 3 in Invocations
  1242 | D:7      | Reached XP level 8. HP: 7/60 MP: 11/16
  1318 | D:6      | Found a shadowy altar of Dithmenos.
  1393 | D:6      | Reached skill level 4 in Fighting
  1454 | D:6      | Reached skill level 3 in Short Blades
  1454 | D:6      | Reached skill level 3 in Long Blades
  1454 | D:6      | Reached skill level 3 in Axes
  1454 | D:6      | Reached skill level 3 in Maces & Flails
  1454 | D:6      | Reached skill level 3 in Polearms
  1454 | D:6      | Reached skill level 3 in Staves
  1454 | D:6      | Reached skill level 3 in Slings
  1454 | D:6      | Reached skill level 3 in Bows
  1454 | D:6      | Reached skill level 3 in Crossbows
  1454 | D:6      | Reached skill level 3 in Throwing
  1454 | D:6      | Reached skill level 3 in Armour
  1454 | D:6      | Reached skill level 3 in Stealth
  1454 | D:6      | Reached skill level 3 in Shields
  1454 | D:6      | Reached skill level 3 in Evocations
  1478 | D:5      | Reached * piety under Cheibriados
  1564 | D:4      | Reached skill level 6 in Spellcasting
  1721 | D:7      | Found a bloodstained altar of Trog.
  1860 | D:8      | Identified the Volume of the Fetching Escort
  1865 | D:8      | Learned a level 3 spell: Confuse
  1881 | D:8      | Found a staircase to the Lair.
  1903 | D:8      | Reached skill level 3 in Conjurations
  1903 | D:8      | Reached skill level 3 in Hexes
  1903 | D:8      | Reached skill level 3 in Charms
  1903 | D:8      | Reached skill level 3 in Summonings
  1903 | D:8      | Reached skill level 3 in Necromancy
  1903 | D:8      | Reached skill level 3 in Translocations
  1903 | D:8      | Reached skill level 3 in Fire Magic
  1903 | D:8      | Reached skill level 3 in Ice Magic
  1903 | D:8      | Reached skill level 3 in Air Magic
  1903 | D:8      | Reached skill level 3 in Earth Magic
  1903 | D:8      | Reached skill level 3 in Poison Magic
  1903 | D:8      | Reached skill level 4 in Invocations
  1909 | D:8      | Reached ** piety under Cheibriados
  1909 | D:8      | Reached skill level 6 in Dodging
  1909 | D:8      | Reached XP level 9. HP: 32/66 MP: 9/18
  1926 | D:8      | Reached skill level 5 in Transmutations
  1940 | D:8      | Killed from afar by an orc priest

Skill      XL: |  1  2  3  4  5  6  7  8  9 |
---------------+----------------------------+-----
Spellcasting   | 5 6 |  6.3
Invocations    | 1 2 3 4 |  4.2
Short Blades   | 1 2 3 |  3.8
Long Blades    | 1 2 3 |  3.8
Axes           | 1 2 3 |  3.8
Maces & Flails | 1 2 3 |  3.8
Polearms       | 1 2 3 |  3.8
Staves         | 1 2 3 |  3.8
Slings         | 1 2 3 |  3.8
Bows           | 1 2 3 |  3.8
Crossbows      | 1 2 3 |  3.8
Throwing       | 1 2 3 |  3.8
Armour         | 1 2 3 |  3.8
Stealth        | 1 2 3 |  3.8
Shields        | 1 2 3 |  3.8
Conjurations   | 1 2 3 |  3.1
Hexes          | 1 2 3 |  3.1
Charms         | 1 2 3 |  3.1
Summonings     | 1 2 3 |  3.1
Necromancy     | 1 2 3 |  3.1
Translocations | 1 2 3 |  3.1
Fire Magic     | 1 2 3 |  3.1
Ice Magic      | 1 2 3 |  3.1
Air Magic      | 1 2 3 |  3.1
Earth Magic    | 1 2 3 |  3.1
Poison Magic   | 1 2 3 |  3.1
Evocations     | 1 2 3 |  3.8
Fighting       | 3 4 |  4.6
Transmutations | 4 5 |  5.0
Dodging        | 5 6 |  6.0
Unarmed Combat | 7 |  7.6

Action                   |  1- 3 |  4- 6 |  7- 9 || total
-------------------------+-------+-------+-------++-------
Melee: Unarmed           |    62 |    70 |   115 ||   247
       Bite              |     5 |       |     1 ||     6
       Headbutt          |     3 |       |       ||     3
       Kick              |     2 |       |       ||     2
       Punch             |     1 |       |       ||     1
 Fire: Fustibalus        |     3 |    14 |       ||    17
Throw: Stone             |       |       |     1 ||     1
 Cast: Beastly Appendage |    16 |       |       ||    16
       Sticks to Snakes  |     1 |     4 |    18 ||    23
       Spider Form       |     4 |     9 |    13 ||    26
Evoke: Wand              |       |       |     1 ||     1
  Use: Scroll            |     9 |       |     1 ||    10
       Potion            |     4 |     4 |     1 ||     9
 Stab: Sleeping          |     2 |     1 |     1 ||     4
       Distracted        |       |       |     2 ||     2
  Eat: Chunk             |       |     2 |     3 ||     5
Armor: Robe              |     2 |       |       ||     2
       Skin              |       |     3 |     4 ||     7
Dodge: Dodged            |    38 |    58 |    78 ||   174

Table legend:
 A = Turns spent in this place as a percentage of turns spent in the entire game.
 B = Non-inter-level travel turns spent in this place as a percentage of non-inter-level travel turns spent in the entire game.
 C = Inter-level travel turns spent in this place as a percentage of turns spent in this place.
 D = Turns resting spent in this place as a percentage of non-inter-level travel turns spent in this place.
 E = Turns spent auto-exploring this place as a percentage of non-inter-level travel turns spent in this place.
 F = Non-inter-level travel turns spent in this place divided by the number of levels of this place that you've seen.
                   A       B       C       D       E      F
               +-------+-------+-------+-------+-------+----------------------
         Total | 100.0 | 100.0 |   1.2 |   0.0 |   0.0 | 212.9
       Dungeon |  92.5 |  93.7 |   0.0 |   0.0 |   0.0 | 224.4
        Temple |   7.5 |   6.3 |  16.6 |   0.0 |   0.0 | 121.0
               +-------+-------+-------+-------+-------+----------------------

Table legend:
 A = Kills in this place as a percentage of kills in entire the game.
 B = Kills by you in this place as a percentage of kills by you in the entire game.
 C = Kills by friends in this place as a percentage of kills by friends in the entire game.
 D = Other kills in this place as a percentage of other kills in the entire game.
 E = Experience gained in this place as a percentage of experience gained in the entire game.
 F = Experience gained in this place divided by the number of levels of this place that you have seen.
                   A       B       C       D       E      F
               +-------+-------+-------+-------+-------+----------------------
         Total | 100.0 | 100.0 | 100.0 |   N/A | 100.0 | 281.0
       Dungeon | 100.0 | 100.0 | 100.0 |   N/A | 100.0 | 316.1
               +-------+-------+-------+-------+-------+----------------------

Vault maps used:
D:1:      dpeg_arrival_shrine, hangedman_decor_peaks_small
D:2:      lemuel_coloured_pillars_altar, nemelex_xobeh_ov_fountains_minmay
D:4:      zin_statuary, first_ration
D:5:      trog_three_pillars_becter
D:6:      nicolae_dithmenos_shadow_blocks, lemuel_round_altar,
          hangedman_glass_garden, st_stairs_9
D:7:      lemuel_round_altar, minmay_temple_entry_glass
D:8:      erik_lair_orcish_takeover, nicolae_ossuary_entry_monument
Temple:   oiseaux_autumnal_temple
